 Dungeon Crawl Stone Soup version 0.30.0-10-gfe55d96785 (webtiles) character file.

Game seed: 14846114057400299876

43 Leibowitz the Covered (level 3, -3/33 HPs)
             Began as a Minotaur Fighter on May 16, 2023.
             Slain by a gnoll
             ... wielding a +1 whip of distortion
              (4 damage)
             ... on level 2 of the Dungeon.
             The game lasted 00:02:10 (971 turns).

Leibowitz the Covered (Minotaur Fighter)             Turns: 971, Time: 00:02:11

Health: -3/33      AC:  7    Str: 22    XL:     3   Next: 37%
Magic:  2/2        EV:  9    Int:  5    God:
Gold:   77         SH:  4    Dex:  9    Spells: 2/2 levels left

rFire   . . .        a - +0 war axe
rCold   + . .        c - +0 buckler
rNeg    . . .        b - +0 scale mail
rPois   +            (helmet restricted)
rElec   .            (no cloak)
rCorr   .            (no gloves)
SInv    .            (no boots)
Will    .....        (no amulet) Stlth
                     e - ring of poison resistance
HPRegen 0.25/turn    f - ring of protection from cold
MPRegen 0.08/turn

%: no passive effects
@: no status effects
A: horns 2, retaliatory headbutt
a: no special abilities


You were on level 2 of the Dungeon.
You visited 1 branch of the dungeon, and saw 2 of its levels.

You collected 77 gold pieces.

Inventory:

Hand Weapons
 a - a +0 war axe (weapon)
Armour
 b - a +0 scale mail (worn)
 c - a +0 buckler (worn)
Jewellery
 e - a ring of poison resistance (left hand)
 f - a ring of protection from cold (right hand)
Scrolls
 g - a scroll of identify
Potions
 d - a potion of might
 h - 2 potions of ambrosia


   Skills:
 * Level 4.1 Fighting
 * Level 3.0 Axes
 * Level 4.1 Armour
 * Level 0.8 Dodging
 * Level 4.0 Shields


You had 2 spell levels left.
You didn't know any spells.
Your spell library contained the following spells:

 Spells                   Type           Power      Damage    Failure   Level
 Vhi's Electric Charge    Tloc/Air       0%         N/A       99%         3
 Arcjolt                  Conj/Air       0%         1d10      100%        5
 Plasma Beam              Fire/Air       0%         2x1d11    100%        6


Dungeon Overview and Level Annotations

Branches:
Dungeon (2/15)

Altars:


Innate Abilities, Weirdness & Mutations

You have a pair of horns on your head.
You reflexively headbutt those who attack you in melee.


Message History

A gnoll comes into view. It is wielding a +0 halberd.
Found 3 stones.
The gnoll shouts!
You hear a shout!
A gnoll comes into view. It is wielding a +1 whip of distortion.
You barely miss the dart slug. You headbutt the dart slug.
The dart slug is lightly wounded.
The dart slug bites you but does no damage.
You hit the dart slug.
The dart slug is heavily wounded.
The gnoll closely misses you. You block the dart slug's attack.
You slash the dart slug!
You kill the dart slug!
The gnoll barely misses you.
Your Shields skill increases to level 4!
The gnoll barely misses you.
A gnoll comes into view. It is wielding a +0 flail.
The gnoll shouts!
You hit the gnoll but do no damage.
You hear a shout!
The gnoll completely misses you. The gnoll hits you with a +0 halberd!
You slash the gnoll!
The gnoll is severely wounded.
The gnoll hits you with a +0 halberd!
You barely miss the gnoll. You headbutt the gnoll.
You kill the gnoll!
Your Axes skill increases to level 3!
You see here a +0 halberd.
You barely miss the gnoll. The gnoll closely misses you.
The gnoll hits you with a +0 flail.
You slash the gnoll!
The gnoll is almost dead.
You barely miss the gnoll.
The gnoll is almost dead.
The gnoll hits you with a +0 flail!
* * * LOW HITPOINT WARNING * * *
You block the gnoll's attack.
The gnoll hits you with a +1 whip of distortion.
* * * LOW HITPOINT WARNING * * *
Space warps around you.
You die...

.#.#.# ####...#
###########....#.#
##)#........####.#
.##.######.## #.#
..)#.## #.# #.#
...##.## ### #.#
##...#)###### #.#
.....##.##(...##.###
..##...#.# #..g@..##
.#####.### ###g##..#
## ### #..###.# ..
....# .# ## .....#
.# #......# .#
#....... .. .......g
.. ..


You could see 2 gnolls.

Vanquished Creatures
  A gnoll (D:2)
  2 dart slugs (D:2)
  4 bats
  An endoplasm (D:1)
  2 giant cockroaches
  2 goblins (D:1)
  2 hobgoblins
  3 jackals (D:2)
  3 kobolds
  A quokka (D:1)
  A ball python (D:1)
  A frilled lizard (D:1)
  4 rats
27 creatures vanquished.

Notes
Turn   | Place    | Note
-------+----------+-------------------------------------------
     0 | D:1      | Leibowitz the Minotaur Fighter began the quest for the Orb.
     0 | D:1      | Reached XP level 1. HP: 19/19 MP: 0/0
   347 | D:1      | Reached XP level 2. HP: 27/27 MP: 1/1
   897 | D:2      | Reached XP level 3. HP: 23/33 MP: 2/2
   971 | D:2      | HP: 1/33 [gnoll/+1 whip of distortion (3)]
   971 | D:2      | Slain by a gnoll

Illustrated notes

Levels and vault maps discovered:
D:1:      dpeg_arrival_rhombus, layout_loops_ring
D:2:      wad_crossroads, layout_rooms

Skill      XL: |  1  2  3 |
---------------+----------+-----
Fighting       | 4 |  4.1
Armour         | 4 |  4.1
Shields        | 4 |  4.0
Axes           | 3 |  3.0
Dodging        | |  0.8

Action                     || total
---------------------------++-------
  Melee: War axe           ||    68
         Headbutt          ||    10
    Use: Scroll            ||     3
         Potion            ||     5
 Armour: Scale mail        ||    39
  Dodge: Dodged            ||    48
  Block: Buckler           ||    21
